 Dungeon Crawl Stone Soup version 0.20.1-1-g8b1a95d (webtiles) character file.

1421 Irenicus the Martial Artist (level 8, 0/76 HPs)
             Began as a Deep Dwarf Monk on Nov 1, 2017.
             Was a Priest of Makhleb.
             Slain by a gnoll
             ... wielding a +0 halberd
              (12 damage)
             ... on level 6 of the Dungeon.
             The game lasted 00:24:09 (3749 turns).

Irenicus the Martial Artist (Deep Dwarf Monk)       Turns: 3749, Time: 00:24:10

Health: 0/76       AC: 10    Str: 16    XL:     8   Next: 44%
Magic:  3/3        EV: 12    Int: 12    God:    Makhleb [***...]
Gold:   191        SH:  0    Dex: 17    Spells: 6/7 levels left

rFire    + . .     SeeInvis .     - Unarmed
rCold    . . .     Gourm    .   (no shield)
rNeg     . . .     Faith    .   l - +1 ring mail {rF+}
rPois    +         Spirit   .   (no helmet)
rElec    .         Reflect  .   (no cloak)
rCorr    .         Harm     .   (no gloves)
MR       +....     Clarity  +   (no boots)
Stlth    +.........             (no amulet)
Regen    0.0/turn               p - ring of poison resistance
MPRegen  0.1/turn               (no ring)

@: non-regenerating, drained
A: damage resistance, heal wounds, iridescent scales 1, thin metallic scales 1,
clarity, low mp 1, sense surroundings 1, strong 1, no regeneration
a: Heal Wounds, Minor Destruction, Lesser Servant of Makhleb, Renounce Religion


You were on level 6 of the Dungeon.
You worshipped Makhleb.
Makhleb was most pleased with you.
You were not hungry.

You visited 2 branches of the dungeon, and saw 7 of its levels.

You collected 236 gold pieces.
You spent 45 gold pieces at shops.

Inventory:

Armour
 l - a +1 ring mail of fire resistance (worn)
 r - a +1 hat
Jewellery
 p - a ring of poison resistance (left hand)
Wands
 n - a wand of paralysis (5/24)
 s - a wand of disintegration (7/24)
Scrolls
 a - 2 scrolls of blinking
 c - a scroll of noise {unknown}
 d - a scroll of recharging {unknown}
 e - 2 scrolls of teleportation {unknown}
 g - 7 scrolls of identify
 h - 3 scrolls of remove curse
 i - 3 scrolls of enchant weapon
 k - a scroll of fog {unknown}
 m - a scroll of immolation {unknown}
Potions
 o - a potion of curing
Books
 t - a book of Cantrips

   Spells                             Type                      Level
   a - Confusing Touch                Hexes                        1
   b - Animate Skeleton               Necromancy                   1
   c - Summon Small Mammal            Summoning                    1
   d - Apportation                    Translocation                1
Comestibles
 b - 5 bread rations
 f - 5 meat rations
 j - 4 fruits


   Skills:
 + Level 5.9(5.0) Fighting
 - Level 2.0(1.2) Armour
 - Level 3.3(2.5) Dodging
 - Level 2.4(1.6) Stealth
 - Level 8.2(7.3) Unarmed Combat


You had 6 spell levels left.
You knew the following spells:

 Your Spells              Type           Power        Failure   Level  Hunger
a - Confusing Touch       Hex            #.....       54%         1    ##.....


Dungeon Overview and Level Annotations

Branches:
Dungeon (6/15)             Temple (1/1) D:5

Altars:
Ashenzari
Dithmenos
Fedhas
Gozag
Hepliaklqana
Kikubaaqudgha
Makhleb
Nemelex Xobeh
Okawaru
Qazlal
Ru
Sif Muna
Trog
Uskayaw
Vehumet
Zin
The Shining One

Shops:
D:4 *

Annotations:
D:3 Jazqa's ghost, amateur GrBe


Innate Abilities, Weirdness & Mutations

You are resistant to damage.
You can heal yourself by infusing magical energy.
You passively map a small area around you.
You do not regenerate.
You are partially covered in iridescent scales. (AC +2)
You are partially covered in thin metallic scales. (AC +2)
You possess an exceptional clarity of mind.
Your magical capacity is low. (-10% MP)
Your muscles are strong. (Str +2)


Message History

Evoking this partially-identified wand wasted a few charges.
The gnoll barely misses you.
Evoke which item? (* to show all) (? for menu, Esc to quit)
Aiming: Disintegrate (will waste charges)
Press: ? - help, Shift-Dir - straight line, f/p - gnoll
Aim: a gnoll, wielding a spear (severely wounded, chance to defeat MR: 73%)
The gnoll struggles to resist.
Evoking this partially-identified wand wasted a few charges.
The gnoll closely misses you.
Evoke which item? (* to show all) (? for menu, Esc to quit)
Aiming: Disintegrate (will waste charges)
Press: ? - help, Shift-Dir - straight line, f/p - gnoll
Aim: a gnoll, wielding a spear (severely wounded, chance to defeat MR: 73%)
The gnoll is blasted.
You blow up the gnoll!
Makhleb accepts your kill.
You feel better.
Evoking this partially-identified wand wasted a few charges.
The gnoll hits you with a halberd!
You die...

...#..........#......#
...)..........#......#
...#..........#......#
...#...##.....#......#
...#...##.....########
...#...........#..%.#
...#.<.##.....##.%..#
...#...#########....#
...#..........)g@...#
...#...)......##....#
...#...##.....##+####
...#...######## , ,*
...#...#, , *
...#...#, ,, ...#...#,
,* ...#... , , ,
...#... * *


You could see a gnoll.

Vanquished Creatures
  A sky beast (D:4)
  An orc warrior (D:6)
  Blork the orc (D:4)
  A bullfrog (D:5)
  A gnoll sergeant (D:6)
  2 scorpions
  A howler monkey (D:5)
  4 wights (D:6)
  2 crimson imps (D:5)
  2 hounds
  2 orc priests (D:6)
  3 worker ants
  Natasha (thrice) (D:4)
  3 orc wizards (D:5)
  11 gnolls
  10 adders
  A shadow imp (D:5)
  2 oozes
  5 worms
  4 dart slugs
  3 leopard geckos
  13 orcs
  6 giant cockroaches
  6 goblins
  6 hobgoblins
  11 jackals
  A quokka (D:2)
  4 ball pythons
  7 bats
  4 frilled lizards
  7 kobolds
  A leopard gecko skeleton (D:6)
  5 rats
134 creatures vanquished.

Notes
Turn   | Place    | Note
-------+----------+-------------------------------------------
     0 | D:1      | Irenicus the Deep Dwarf Monk began the quest for the Orb.
     0 | D:1      | Reached XP level 1. HP: 20/20 MP: 1/1
    78 | D:1      | Reached skill level 3 in Unarmed Combat
    78 | D:1      | Reached XP level 2. HP: 14/27 MP: 2/2
   585 | D:2      | Reached XP level 3. HP: 13/33 MP: 3/3
   681 | D:2      | Found a faded altar of an unknown god.
   724 | D:2      | Reached skill level 4 in Unarmed Combat
   826 | D:2      | Reached XP level 4. HP: 14/40 MP: 3/3
   943 | D:2      | Found a hazy altar of Hepliaklqana.
  1050 | D:3      | Noticed Jazqa's ghost (amateur GrBe)
  1095 | D:4      | Noticed Natasha
  1104 | D:4      | Killed Natasha
  1130 | D:4      | Found Bouniucw's General Store.
  1159 | D:4      | Bought a scroll of magic mapping for 45 gold pieces
  1175 | D:4      | Noticed Blork the orc
  1188 | D:4      | Killed Blork the orc
  1188 | D:4      | Reached skill level 5 in Unarmed Combat
  1188 | D:4      | Reached XP level 5. HP: 26/46 MP: 4/4
  1219 | D:5      | Entered Level 5 of the Dungeon
  1238 | D:5      | Gained mutation: Your flesh is cold resistant. (rC+) [potion of mutation]
  1238 | D:5      | Gained mutation: Your muscles are strong. (Str +2) [potion of mutation]
  1314 | D:5      | Reached skill level 6 in Unarmed Combat
  1314 | D:5      | Reached XP level 6. HP: 19/55 MP: 5/5
  1393 | D:5      | Reached skill level 7 in Unarmed Combat
  1413 | D:5      | Found a staircase to the Ecumenical Temple.
  1422 | Temple   | Entered the Ecumenical Temple
  1439 | Temple   | Became a worshipper of Makhleb the Destroyer
  1439 | Temple   | Reached * piety under Makhleb
  1439 | Temple   | Reached ** piety under Makhleb
  1572 | D:4      | Reached XP level 7. HP: 13/61 MP: 6/6
  1647 | D:3      | HP: 1/61 [Jazqa's ghost (9)]
  1854 | D:4      | Noticed Natasha
  1870 | D:4      | Killed Natasha
  1887 | D:4      | Noticed Natasha
  1898 | D:4      | Killed Natasha
  2711 | D:4      | Reached skill level 8 in Unarmed Combat
  2715 | D:4      | Gained mutation: Armour fits poorly on your strangely shaped body. [mutagenic meat]
  2716 | D:4      | Gained mutation: You are partially covered in thin metallic scales. (AC +2) [mutagenic meat]
  2718 | D:4      | Gained mutation: Your magical capacity is low. (-10% MP) [mutagenic meat]
  2738 | D:4      | Reached skill level 1 in Armour
  2998 | D:5      | Lost mutation: Your flesh is cold resistant. (rC+) [potion of mutation]
  2998 | D:5      | Lost mutation: Armour fits poorly on your strangely shaped body. [potion of mutation]
  2998 | D:5      | Gained mutation: Scrolls take you a little longer to read. [potion of mutation]
  2998 | D:5      | Gained mutation: You are partially covered in iridescent scales. (AC +2) [potion of mutation]
  2998 | D:5      | Lost mutation: Scrolls take you a little longer to read. [potion of mutation]
  2998 | D:5      | Gained mutation: You possess an exceptional clarity of mind. [potion of mutation]
  3048 | D:5      | You fall through a shaft!
  3088 | D:6      | Reached *** piety under Makhleb
  3220 | D:6      | Reached XP level 8. HP: 11/72 MP: 6/6
  3387 | D:6      | Reached skill level 5 in Fighting
  3507 | D:6      | Found a burning altar of Makhleb.
  3653 | D:6      | Learned a level 1 spell: Confusing Touch
  3749 | D:6      | Slain by a gnoll

Skill      XL: |  1  2  3  4  5  6  7  8 |
---------------+-------------------------+-----
Unarmed Combat | 3 4 5 6 7 8 |  8.2
Armour         | 2 |  2.0
Fighting       | 3 5 |  5.9
Dodging        | |  3.3
Stealth        | |  2.4

Action                   |  1- 3 |  4- 6 |  7- 9 || total
-------------------------+-------+-------+-------++-------
Melee: Unarmed           |   148 |   148 |   335 ||   631
       Punch             |     1 |     2 |    19 ||    22
 Abil: Heal Wounds       |     1 |     4 |     6 ||    11
Evoke: Wand              |       |       |     5 ||     5
  Use: Scroll            |     2 |     3 |     1 ||     6
       Potion            |     2 |     6 |     5 ||    13
 Stab: Sleeping          |     1 |     4 |     3 ||     8
  Eat: Chunk             |       |     1 |    13 ||    14
       Fruit             |       |     1 |       ||     1
Armor: Robe              |     7 |       |       ||     7
       Leather armour    |    14 |    20 |     3 ||    37
       Ring mail         |       |       |    59 ||    59
Dodge: Dodged            |    80 |    77 |   151 ||   308
